 Dungeon Crawl Stone Soup version 0.31.0-2-g5a2aebc5c2 (webtiles) character file.

Game seed: 8672424798645118658

2196 LegendsAlwaysDI3 the Trooper (level 9, -1/78 HPs)
             Began as a Red Draconian Berserker on Jan 20, 2024.
             Was an Elder of Trog.
             Slain by Edmund
             ... wielding a +2 flail of protection
              (10 damage)
             ... on level 6 of the Dungeon.
             The game lasted 00:14:37 (5617 turns).

LegendsAlwaysDI3 the Trooper (DrBe)                 Turns: 5617, Time: 00:14:38

Health: -1/78      AC: 12    Str: 26    XL:     9   Next: 12%
Magic:  9/9        EV: 14    Int:  8    God:    Trog [****..]
Gold:   245        SH:  0    Dex: 11    Spells: 8/8 levels left

rFire   + . .        q - +4 hammer "Beastslayer" {flame, Str+3}
rCold   . . .        (no shield)
rNeg    . . .        (body armour unavailable)
rPois   .            (helmet restricted)
rElec   .            p - +2 cloak {Stlth+}
rCorr   .            (no gloves)
SInv    .            i - +1 pair of boots
Will    .....        (no amulet)
Stlth   +++          (no ring)
HPRegen 0.33/turn    (no ring)
MPRegen 0.11/turn

%: no passive effects
@: short of breath, on berserk cooldown, hasted, very quick
A: breathe fire, AC +7, unfitting armour, fire resistance 1, cold-blooded
a: Breathe Fire, Renounce Religion, Berserk, Trog's Hand, Brothers in Arms


You were on level 6 of the Dungeon.
You worshipped Trog.
Trog was greatly pleased with you.
You visited 1 branch of the dungeon, and saw 6 of its levels.

You collected 245 gold pieces.

Inventory:

Hand Weapons
 a - a +0 spear
 g - a +4 dagger of venom
 n - the +12 sling of Desertification {elec, ^Contam ^Drain rC++ Will+++}
   (You found it on level 3 of the Dungeon)

   rC++:      It greatly protects you from cold.
   Will+++:   It greatly increases your willpower.
   ^Contam:   It causes magical contamination when unequipped.
   ^Drain:    It drains your maximum health when unequipped.
 q - the +4 hammer "Beastslayer" (weapon) {flame, Str+3}
   (You found it on level 3 of the Dungeon)

   Str+3:     It affects your strength (+3).
 u - the +8 whip of the Hidden Suns {flame, ^Drain rPois rC+}
   (You found it on level 4 of the Dungeon)

   rC+:       It protects you from cold.
   rPois:     It protects you from poison ^Drain: It drains your maximum health
   when unequipped.
Missiles
 d - 5 javelins (quivered)
Armour
 i - a +1 pair of boots (worn)
 p - a +2 cloak of stealth (worn)
Talismans
 o - a beast talisman
 w - a maw talisman
Wands
 y - a wand of roots (4)
Scrolls
 b - a scroll of identify
 l - a scroll of revelation
 m - a scroll of teleportation
 r - a scroll of immolation
 s - a scroll of fog
 t - a scroll of blinking
 z - a scroll of poison
Potions
 c - 2 potions of enlightenment
 f - a potion of heal wounds {unknown}
 h - a potion of ambrosia {unknown}
 j - a potion of lignification {unknown}
 k - a potion of cancellation {unknown}
 v - a potion of brilliance {unknown}
 x - a potion of degeneration {unknown}


   Skills:
 + Level 6.5 Fighting
 + Level 2.7 Short Blades
 + Level 6.4 Maces & Flails
 + Level 4.5 Polearms
 + Level 6.2 Dodging
 + Level 3.7 Stealth


You had 8 spell levels left.
You didn't know any spells.
Your spell library was empty.

Dungeon Overview and Level Annotations

Branches:
Dungeon (6/15)             Temple (0/1) D:6

Altars:
Fedhas
Zin
The Shining One

Shops:
D:1 (   D:4 (

Annotations:
D:6 Edmund


Innate Abilities, Weirdness & Mutations

You can breathe blasts of fire.
Your fiery red scales are hard. (AC +7)
You cannot fit into any form of body armour.
Your flesh is heat resistant. (rF+)
You are cold-blooded and may be slowed by cold attacks.


Message History

The gnoll closely misses you.
You sock something! You burn something. Trog accepts your kill.
Trog appreciates your killing of a magic user.
Reactivating autopickup.
You feel a bit more experienced. The hound barely misses you.
The gnoll closely misses you. The hound bites you but does no damage.
The gnoll completely misses you.
You sock the hound! You burn the hound.
You kill the hound!
Trog accepts your kill.
The gnoll hits you but does no damage. x2
You thump the gnoll! You burn the gnoll.
Your tail-slap misses the gnoll.
The gnoll is severely wounded.
The gnoll misses you.
The gnoll hits you from afar with a +0 halberd!
* * * LOW HITPOINT WARNING * * *
The gnoll hits you but does no damage. The gnoll barely misses you.
The gnoll hits you from afar with a +0 halberd.
* * * LOW HITPOINT WARNING * * *
It was a potion of haste.
You feel yourself speed up. The gnoll hits you with a +0 club.
* * * LOW HITPOINT WARNING * * *
Edmund says, "People accused me of being a cutpurse!"
The gnoll closely misses you. The gnoll misses you.
The gnoll closely misses you.
You hit the gnoll but do no damage.
Your tail-slap misses the gnoll.
The gnoll is severely wounded.
The gnoll completely misses you. The gnoll misses you.
The gnoll hits you but does no damage. The gnoll closely misses you.
You thump the gnoll! You burn the gnoll.
You kill the gnoll!
Trog accepts your kill. The gnoll barely misses you.
The gnoll hits you but does no damage.
You barely miss Edmund.
You feel yourself speed up. The gnoll hits you but does no damage.
Edmund hits you with a +2 flail of protection!
You die...
Edmund whines, "They better pay attention to me now!"

#.# #.# #.# . #.# # .
##########.## .###
#..:........#....#
#...####)#g......# #.#.#
#@@).#.. ## ####'######g.#
#. #......# #..# ####.
#.~~≈~.# .@.# ##.###
#.~≈~~.# .... #....#
#.~≈≈~.# ...... ####.....
#.~≈≈~.# .....#. #........
#.~≈≈~.####...####..[.....
#.~≈≈~.# #. #......###


You could see Edmund and 2 gnolls.

Vanquished Creatures
  2 water moccasins
  2 ogres
  3 black bears
  A phantom (D:5)
  2 bullfrogs (D:6)
  A gnoll sergeant (D:5)
  2 scorpions
  A howler monkey (D:5)
  A bombardier beetle (D:6)
  2 jellies
  2 orc priests (D:4)
  A gnoll bouda (D:6)
  Crazy Yiuf (D:3)
  5 hounds
  A sleepcap (D:4)
  Jessica (D:3)
  2 iguanas
  Ijyb (D:3)
  Terence (D:3)
  10 orc wizards
  8 adders
  18 gnolls
  A dart slug (D:1)
  3 ribbon worms
  17 orcs
  6 endoplasms
  6 goblins
  8 hobgoblins
  10 jackals
  2 quokkas
  6 ball pythons
  5 bats
  3 frilled lizards
  7 kobolds
  3 rats
145 creatures vanquished.

Vanquished Creatures (others)
  An orc wizard (D:6)
1 creature vanquished.

Grand Total: 146 creatures vanquished

Notes
Turn   | Place    | Note
-------+----------+-------------------------------------------
     0 | D:1      | LegendsAlwaysDI3 the Draconian Berserker began the quest
                  | for the Orb.
     0 | D:1      | Reached XP level 1. HP: 19/19 MP: 1/1
   131 | D:1      | Reached XP level 2. HP: 26/26 MP: 2/2
   186 | D:1      | Found Asa Irch's Weapon Shop.
   734 | D:2      | Reached XP level 3. HP: 33/33 MP: 3/3
  1009 | D:2      | Found a blossoming altar of Fedhas.
  1164 | D:2      | Reached ** piety under Trog
  1380 | D:3      | Reached XP level 4. HP: 37/40 MP: 4/4
  1409 | D:3      | HP: 3/60 [gnoll/+0 club (1)]
  1410 | D:3      | HP: 1/60 [frozen (2)]
  1696 | D:3      | Found a glowing silver altar of Zin.
  1700 | D:3      | Noticed Ijyb
  1718 | D:3      | Killed Ijyb
  1719 | D:3      | Reached XP level 5. HP: 46/46 MP: 5/5
  1879 | D:3      | Identified the +12 sling of Desertification {elec, ^Contam
                  | ^Drain rC++ Will+++}
  1912 | D:3      | Reached skill level 1 in Short Blades
  1956 | D:3      | Noticed Jessica
  1971 | D:3      | Killed Jessica
  2104 | D:3      | Found a runed translucent door.
  2105 | D:3      | Noticed Crazy Yiuf
  2114 | D:3      | Killed Crazy Yiuf
  2217 | D:3      | Identified the +4 hammer "Beastslayer" {flame, Str+3}
  2248 | D:3      | Noticed Terence
  2254 | D:3      | Killed Terence
  2255 | D:3      | Reached XP level 6. HP: 48/53 MP: 6/6
  2311 | D:3      | Identified the +3 flail of Grace {drain, rElec Will+++
                  | Dex-4 SInv}
  2408 | D:4      | Reached skill level 1 in Stealth
  2686 | D:4      | Reached skill level 1 in Maces & Flails
  2868 | D:4      | Reached *** piety under Trog
  2869 | D:4      | Your scales start taking on a fiery red colour.
  2869 | D:4      | Reached XP level 7. HP: 29/60 MP: 7/7
  2869 | D:4      | Gained mutation: Your flesh is heat resistant. (rF+) [Red
                  | Draconian growth]
  3011 | D:4      | Found Buelol's Antique Weapon Emporium.
  3018 | D:4      | Reached skill level 5 in Fighting
  3061 | D:4      | Identified the +8 whip of the Hidden Suns {flame, ^Drain
                  | rPois rC+}
  3616 | D:5      | Entered Level 5 of the Dungeon
  3697 | D:5      | Reached skill level 5 in Dodging
  3772 | D:5      | Found a glowing golden altar of the Shining One.
  3834 | D:5      | Reached XP level 8. HP: 69/69 MP: 8/8
  4465 | D:5      | Reached skill level 5 in Maces & Flails
  5198 | D:6      | Found a staircase to the Ecumenical Temple.
  5585 | D:6      | Noticed Edmund
  5594 | D:6      | Reached XP level 9. HP: 78/78 MP: 9/9
  5603 | D:6      | Reached **** piety under Trog
  5617 | D:6      | Slain by Edmund

Illustrated notes

Levels and vault maps discovered:
D:1:      reono_arrival_forest_river, layout_rooms, serial_shops,
          nicolae_shop_rolling_square, serial_bayou_lake_a
D:2:      layout_loops_ring, basic_altar, minmay_misc_feat_doors
D:3:      layout_rooms, mainiacjoe_overflow_surrounded_room, uniq_jessica,
          uniq_crazy_yiuf_cottage, uniq_terence, uniq_ijyb
D:4:      layout_basic, nicolae_zen_rock_garden, kennysheep_diamond
D:5:      layout_layer_cave, tso_metal_star
D:6:      minmay_flawed_box, layout_loops_ring, minmay_temple_entry_hall,
          nrook_pool_corridor, uniq_edmund

Skill      XL: |  1  2  3  4  5  6  7  8 |
---------------+-------------------------+-----
Dodging        | 3 4 5 6 |  6.2
Fighting       | 4 5 6 |  6.5
Polearms       | 4 |  4.5
Short Blades   | 2 |  2.7
Stealth        | 1 2 3 |  3.7
Maces & Flails | 2 4 6 |  6.4

Action                     |  1- 3 |  4- 6 |  7- 9 || total
---------------------------+-------+-------+-------++-------
  Melee: Spear             |    64 |       |       ||    64
         Tailslap          |     9 |    21 |    14 ||    44
         Dagger            |    41 |    90 |       ||   131
         Mace              |       |    79 |   170 ||   249
         Punch             |       |       |     1 ||     1
 Invoke: Berserk           |       |     3 |     4 ||     7
Ability: Breathe Fire      |       |       |     8 ||     8
    Use: Scroll            |     3 |     2 |     7 ||    12
         Potion            |       |       |     1 ||     1
   Stab: Sleeping          |       |     4 |     7 ||    11
 Armour: Skin              |    52 |   139 |   182 ||   373
  Dodge: Dodged            |    54 |   129 |   228 ||   411
